 Dungeon Sprint DCSS version 0.27.1-34-g3ba077fa99 (webtiles) character file.

Game seed: 9465472255683708201

1254 Arum the Fighter (level 8, -3/74 HPs)
             Began as a Formicid Fighter on Jan 15, 2022.
             Was a Believer of Okawaru.
             Incinerated by a deep elf pyromancer (6 damage)
             ... with a sticky flame
             ... in the Dungeon (Sprint IX: "|||||||||||||||||||||||||||||").
             The game lasted 00:02:18 (481 turns).

Arum the Fighter (Formicid Fighter)                  Turns: 481, Time: 00:02:19

Health: -3/74      AC: 11    Str: 24    XL:     8   Next: 80%
Magic:  6/12       EV: 12    Int:  7    God:    Okawaru [**....]
Gold:   0          SH: 12    Dex: 13    Spells: 7/7 levels left

rFire    . . .     SeeInvis +   k - +0 lajatang
rCold    . . .     Faith    .   c - +0 kite shield
rNeg     . . .     Spirit   .   m - +1 scale mail
rPois    .         Reflect  .   (helmet unavailable)
rElec    .         Harm     .   (no cloak)
rCorr    .         Rampage  .   (no gloves)
Will     .....                  l - +0 pair of boots
Stlth    ..........             (no amulet)
HPRegen  0.22/turn              o - +3 ring of dexterity
MPRegen  0.13/turn              n - +2 ring of evasion

@: on fire, glowing
A: permanent stasis, dig shafts and tunnels, antennae 3, four strong arms
a: Dig, Renounce Religion, Heroism


You were in the Dungeon.
You worshipped Okawaru.
Okawaru was pleased with you.
You visited 1 branch

Inventory:

Hand Weapons
 a - a +0 quarterstaff
 k - a +0 lajatang (weapon)
Armour
 c - a +0 kite shield (worn)
 l - a +0 pair of boots (worn)
 m - a +1 scale mail (worn)
Jewellery
 n - a +2 ring of evasion (right hand)
 o - a +3 ring of dexterity (left hand)
Wands
 j - a wand of iceblast (9)
Potions
 e - 4 potions of curing
 f - 3 potions of heal wounds
 g - 4 potions of magic
 h - a potion of invisibility


   Skills:
 + Level 10.8 Fighting
 + Level 9.5 Staves
 + Level 10.6 Armour
 - Level 1.0 Dodging
 - Level 9.0 Shields
 + Level 6.0 Invocations


You had 7 spell levels left.
You didn't know any spells.
Your spell library was empty.

Dungeon Overview and Level Annotations

Branches:
Dungeon (1/1)

Altars:
Cheibriados
Dithmenos
Elyvilon
Fedhas
Gozag
Hepliaklqana
Kikubaaqudgha
Makhleb
Nemelex Xobeh
Okawaru
Qazlal
Ru
Sif Muna
Trog
Uskayaw
Vehumet
Wu Jian
Xom
Yredelemnul
Zin
The Shining One
Beogh
Jiyva
Lugonu


Innate Abilities, Weirdness & Mutations

You cannot be hasted, slowed, berserked, paralysed or teleported.
You can dig through walls and to a lower floor.
You have a pair of large antennae on your head. (SInv)
Your four strong arms can wield two-handed weapons with a shield.


Message History

Your base Staves skill increases to level 9!
You barely miss the cane toad. The cane toad closely misses you.
You hit the cane toad.
The cane toad is lightly wounded.
The cane toad stings you!
You slice the cane toad!!
The cane toad is almost dead.
You feel like a meek peon again.
You hit the cane toad.
The cane toad is almost dead.
The cane toad stings you!
You are poisoned.
The cane toad poisons you!
The deep elf pyromancer mumbles some strange words.
The deep elf pyromancer blinks!
The cane toad stings you!
* * * LOW HITPOINT WARNING * * *
You feel better. The cane toad closely misses you.
You slice the cane toad!!
You kill the cane toad!
Okawaru is honoured by your kill.
Your Invocations skill increases to level 5!
You slice the orc wizard!!
You kill the orc wizard!
Okawaru accepts your kill.
Your Invocations skill increases to level 6!
The deep elf pyromancer casts a spell at you.
The sticky flame hits you.
You are covered in liquid flames!
* * * LOW HITPOINT WARNING * * *
Items here: )) [[.
You slash the deep elf pyromancer!
The deep elf pyromancer is moderately wounded.
You are covered in liquid flames!
* * * LOW HITPOINT WARNING * * *
The deep elf pyromancer hits you with a +0 dagger.
* * * LOW HITPOINT WARNING * * *
You slash the deep elf pyromancer!
The deep elf pyromancer is heavily wounded.
You are covered in liquid flames!
You die...

▓[▓
▓)▓
▓.▓
▓.▓
▓.▓
▓.▓
▓.▓
▓'▓
▓@▓
▓e▓
▓.▓
▓.▓
▓.▓
▓.▓
▓+▓


You could see a deep elf pyromancer.

Vanquished Creatures
  A cane toad (shapeshifter) (D)
  A meliai (D)
  2 vampire mosquitoes (D)
  An acid dragon (D)
  An orc warrior (D)
  A centaur (D)
  A scorpion (D)
  A wight (D)
  A howler monkey (D)
  An orc priest (D)
  An orc wizard (D)
  An ufetubus (D)
  An adder skeleton (D)
  A dart slug (D)
  An orc (D)
  A hobgoblin (D)
  A quokka (D)
  A bat (D)
  A frilled lizard (D)
  A rat (D)
21 creatures vanquished.

Notes
Turn   | Place    | Note
-------+----------+-------------------------------------------
     0 | D        | Arum the Formicid Fighter began the quest for the Orb.
     0 | D        | Reached XP level 1. HP: 18/18 MP: 1/1
    84 | D        | Noticed a scorpion
    92 | D        | Reached XP level 2. HP: 25/25 MP: 2/2
    98 | D        | Killed a scorpion
    99 | D        | Reached skill level 5 in Fighting
    99 | D        | Reached skill level 5 in Armour
    99 | D        | Reached XP level 3. HP: 30/33 MP: 3/3
    99 | D        | Reached XP level 4. HP: 35/39 MP: 4/4
   110 | D        | Reached skill level 1 in Dodging
   141 | D        | Found a snail-covered altar of Cheibriados.
   141 | D        | Found a shadowy altar of Dithmenos.
   141 | D        | Found a white marble altar of Elyvilon.
   141 | D        | Found a blossoming altar of Fedhas.
   141 | D        | Found an opulent altar of Gozag.
   142 | D        | Found a hazy altar of Hepliaklqana.
   143 | D        | Found a viscous altar of Jiyva.
   144 | D        | Found an ancient bone altar of Kikubaaqudgha.
   145 | D        | Found a corrupted altar of Lugonu.
   146 | D        | Found a burning altar of Makhleb.
   147 | D        | Found a sparkling altar of Nemelex Xobeh.
   148 | D        | Found an iron altar of Okawaru.
   149 | D        | Found a stormy altar of Qazlal.
   150 | D        | Found a sacrificial altar of Ru.
   151 | D        | Found a shimmering blue altar of Sif Muna.
   152 | D        | Found a bloodstained altar of Trog.
   153 | D        | Found a hide-covered altar of Uskayaw.
   154 | D        | Found a radiant altar of Vehumet.
   155 | D        | Found an ornate altar of the Wu Jian Council.
   156 | D        | Became a worshipper of Warmaster Okawaru
   157 | D        | Found a shimmering altar of Xom.
   158 | D        | Found a basalt altar of Yredelemnul.
   159 | D        | Found a glowing silver altar of Zin.
   160 | D        | Found a glowing golden altar of the Shining One.
   207 | D        | Noticed an acid dragon
   207 | D        | Noticed a centaur
   207 | D        | Noticed a vampire mosquito
   207 | D        | Noticed an orc warrior
   212 | D        | Reached XP level 5. HP: 46/46 MP: 5/5
   216 | D        | Reached skill level 5 in Staves
   220 | D        | Killed an acid dragon
   221 | D        | Reached XP level 6. HP: 33/55 MP: 6/6
   226 | D        | Reached * piety under Okawaru
   228 | D        | Killed a vampire mosquito
   229 | D        | Reached XP level 7. HP: 31/64 MP: 7/7
   461 | D        | Noticed a vampire mosquito
   461 | D        | Noticed a meliai
   461 | D        | Noticed a cane toad
   461 | D        | Noticed a deep elf pyromancer
   466 | D        | Killed a vampire mosquito
   468 | D        | Killed a meliai
   468 | D        | Reached ** piety under Okawaru
   469 | D        | Reached skill level 10 in Fighting
   469 | D        | Reached skill level 10 in Armour
   469 | D        | Reached XP level 8. HP: 50/72 MP: 5/11
   477 | D        | Killed a cane toad
   478 | D        | Reached skill level 5 in Invocations
   480 | D        | HP: 3/74 [deep elf pyromancer (5)]
   481 | D        | Incinerated by a deep elf pyromancer

Illustrated notes

Levels and vault maps discovered:
D:        linesprint [early_d, line_temple, items_1, d_10, items_2, lair_1,
          lair_end, items_3, orc_1, orc_end, items_4, d_15, swamp_1, shoals_1,
          snake_1, spider_1, d_20, vaults_1, items_5, swamp_end, shoals_end,
          snake_end, spider_end, vaults_end, d_27, items_6, zot_1, zot_end,
          crypt_end, forest_end, elf_end, slime_end, tomb_end, abyss_end,
          pan_hell_end]

Skill      XL: |  1  2  3  4  5  6  7  8 |
---------------+-------------------------+-----
Shields        | 4 6 8 9 |  9.0
Fighting       | 4 5 6 7 9 10 | 10.8
Staves         | 3 4 6 7 8 9 |  9.5
Armour         | 5 7 8 10 | 10.6
Dodging        | 1 |  1.0
Invocations    | 4 6 |  6.0

Action                   |  1- 3 |  4- 6 |  7- 9 || total
-------------------------+-------+-------+-------++-------
Melee: Quarterstaff      |    37 |    11 |       ||    48
       Lajatang          |       |    19 |    20 ||    39
Invok: Heroism           |       |       |     1 ||     1
Evoke: Wand              |       |       |     1 ||     1
  Use: Potion            |       |     1 |     1 ||     2
Armor: Scale mail        |    17 |     9 |     4 ||    30
Dodge: Dodged            |    14 |    18 |     6 ||    38
Block: Kite shield       |    21 |    21 |     5 ||    47
